 Dungeon Crawl Stone Soup version 0.27.1-4-g1640c2035a (webtiles) character file.

Game seed: 16238893077542389094

649394 Crownlay the Conqueror (level 27, -1/367 HPs)
             Began as a Minotaur Berserker on Nov 6, 2021.
             Was an Elder of Trog.
             Slain by Tiamat (37 damage)
             ... on level 3 of the Realm of Zot on Nov 7, 2021.
             The game lasted 03:42:14 (68667 turns).

Crownlay the Conqueror (Minotaur Berserker)        Turns: 68667, Time: 03:42:14

Health: -1/367     AC: 37    Str: 28    XL:     27
Magic:  22/22      EV: 19    Int:  6    God:    Trog [****..]
Gold:   6224       SH: 38    Dex: 13    Spells: 26/26 levels left

rFire    . . .     SeeInvis +   J - +7 Screaming Sword {vorpal, sonic wave}
rCold    + . .     Faith    .   I - +7 tower shield {reflect}
rNeg     + + +     Spirit   .   i - +14 chain mail "Imuoleg" {rN+ Str+2}
rPois    +         Reflect  +   w - +1 hat "Kojagos" {rCorr Str-2 Int+2 Dex+4}
rElec    +         Harm     .   C - +0 cloak "Wamic" {rElec rN+}
rCorr    +         Rampage  .   W - +0 pair of gloves of the Amoeba {Slay+3 Stlth+}
Will     ++++.     Rnd*Tele +   G - +2 pair of boots {Fly}
Stlth    ..........             j - amulet of reflection
HPRegen  1.71/turn              M - ring of Picidghe {rN+ rCorr Str-4 SInv}
MPRegen  0.18/turn              y - ring of Vikhlalo {rPois rC+ rN+}

@: berserking (expiring), strong-willed, unable to read, flying, regenerating,
studying Unarmed Combat, very quick
A: horns 2, retaliatory headbutt, clumsy 2, frail 1, teleportitis 1, inability
to read while threatened
}: 3/15 runes: decaying, serpentine, silver
a: Renounce Religion, Berserk, Trog's Hand, Brothers in Arms


You were on level 3 of the Realm of Zot.
You worshipped Trog.
Trog was greatly pleased with you.
You visited 9 branches of the dungeon, and saw 48 of its levels.
You also visited: Ossuary and Gauntlet.

You collected 8093 gold pieces.
You spent 1869 gold pieces at shops.

Inventory:

Hand Weapons
 J - the +7 Screaming Sword (weapon) {vorpal, sonic wave}
   (You found it on level 4 of the Dungeon)

   It inflicts extra damage upon your enemies.
   It radiates damaging sonic waves as it strikes, especially in combat
   involving dangerous or numerous foes.
 K - a +9 double sword of flaming
Missiles
 a - 3 throwing nets
 l - 15 curare-tipped darts
 x - 17 silver javelins (quivered)
Armour
 i - the +14 chain mail "Imuoleg" (worn) {rN+ Str+2}
   (You found it on level 2 of the Depths)

   Str:       It affects your strength (+2).
   rN:        It protects you from negative energy.
 w - the +1 hat "Kojagos" (worn) {rCorr Str-2 Int+2 Dex+4}
   (You found it on level 3 of the Vaults)

   Str:       It affects your strength (-2).
   Int:       It affects your intelligence (+2).
   Dex:       It affects your dexterity (+4).
   rCorr:     It protects you from acid and corrosion.
 C - the +0 cloak "Wamic" (worn) {rElec rN+}
   (You found it on level 5 of the Dungeon)

   rElec:     It insulates you from electricity.
   rN:        It protects you from negative energy.
 G - a +2 pair of boots of flying (worn)
 I - a +7 tower shield of reflection (worn)
 S - a +1 pair of boots of rampaging
 W - the +0 pair of gloves of the Amoeba (worn) {Slay+3 Stlth+}
   (You found it on level 3 of the Swamp)

   Slay:      It affects your accuracy & damage with ranged weapons and melee
   (+3).
   Stlth:     It makes you more stealthy.
Jewellery
 j - an amulet of reflection (around neck)
 y - the ring of Vikhlalo (right hand) {rPois rC+ rN+}
   (You found it on level 8 of the Dungeon)

   [ring of protection from cold]

   rC:        It protects you from cold.
   rPois:     It protects you from poison.
   rN:        It protects you from negative energy.
 E - the ring "Siet" {rC+ rCorr}
   (You found it on level 3 of the Swamp)

   [ring of protection from cold]

   rC:        It protects you from cold.
   rCorr:     It protects you from acid and corrosion.
 L - an amulet of guardian spirit
 M - the ring of Picidghe (left hand) {rN+ rCorr Str-4 SInv}
   (You found it in a Gauntlet)

   [ring of resist corrosion]

   Str:       It affects your strength (-4).
   rN:        It protects you from negative energy.
   SInv:      It lets you see invisible.
   rCorr:     It protects you from acid and corrosion.
 O - the ring of the Past {rN+ MP+9}
   (You found it in a Gauntlet)

   [ring of magical power]

   rN:        It protects you from negative energy.
   MP:        It affects your magic capacity (+9).
Wands
 b - a wand of digging (8)
 u - a wand of polymorph (17)
 A - a wand of iceblast (67)
 B - a wand of flame (211)
 D - a wand of paralysis (21)
 R - a wand of charming (37)
 Z - a wand of acid (21)
Scrolls
 c - 7 scrolls of immolation
 g - 20 scrolls of teleportation
 n - 10 scrolls of blinking
 o - 9 scrolls of fear
 r - 3 scrolls of vulnerability
 H - 5 scrolls of silence
 N - 4 scrolls of fog
 Q - 5 scrolls of torment
 U - 8 scrolls of magic mapping
 V - 4 scrolls of holy word
 Y - a scroll of summoning
Potions
 e - 8 potions of might
 f - 9 potions of attraction
 h - 7 potions of flight
 k - 13 potions of ambrosia
 m - 4 potions of cancellation
 p - 11 potions of lignification
 q - 26 potions of curing
 s - 5 potions of invisibility
 t - 8 potions of mutation
 v - 9 potions of haste
 P - 3 potions of resistance
Miscellaneous
 d - a condenser vane
 F - a condenser vane
 T - a phial of floods


   Skills:
 O Level 27 Fighting
 - Level 20.0 Long Blades
 - Level 15.0 Throwing
 - Level 20.0 Armour
 - Level 25.0 Dodging
 - Level 25.0 Shields
 + Level 16.6 Evocations


You had 26 spell levels left.
You didn't know any spells.
Your spell library was empty.

Dungeon Overview and Level Annotations

Branches:
Dungeon (15/15)            Temple (0/1) D:5            Lair (6/6) D:10
  Swamp (4/4) Lair:2        Snake (4/4) Lair:3        Slime (0/5) Lair:5
    Orc (2/2) D:11            Elf (3/3) Orc:2        Vaults (5/5) D:14
  Crypt (0/3) Vaults:3     Depths (5/5) D:15            Zot (4/5) Depths:5
Ossuary (visited)         Gauntlet (visited)

Altars:
Cheibriados
Dithmenos
Elyvilon
Gozag
Hepliaklqana
Kikubaaqudgha
Makhleb
Nemelex Xobeh
Qazlal
Ru
Sif Muna
Trog
Vehumet
Wu Jian
Xom
Yredelemnul
Beogh
Lugonu

Shops:
D:4 !   D:7 (   D:15 *   Orc:2 ![!(   Elf:1 ?(**   Elf:2 ?   Elf:3 :*!!*
Snake:1 =(*   Vaults:1 *   Vaults:5 ??!=   Depths:5 ::

Portals:
Hell: Depths:1 Depths:2 Depths:3 Depths:4 Depths:5
Abyss: Depths:1 Depths:4
Pandemonium: Depths:3 Depths:4
Ziggurat: Depths:2

Annotations:
Depths:1 exclusion: obsidian statue
Zot:3 Tiamat


Innate Abilities, Weirdness & Mutations

You have a pair of horns on your head.
You reflexively headbutt those who attack you in melee.
You are very clumsy. (Dex -4)
You are frail. (-10% HP)
You are occasionally teleported next to monsters.
You sometimes lose the ability to read scrolls when taking damage.


Message History

The bone dragon is moderately damaged.
The golden dragon is moderately wounded.
Tiamat is heavily wounded.
The shadow dragon is moderately wounded.
You slice the ice dragon like a ripe choko!!!
You headbutt the ice dragon!!
The ice dragon is almost dead.
You block the storm dragon's attack.
The storm dragon claws you but does no damage.
You block the storm dragon's attack. Tiamat barely misses you.
You chop the ice dragon into pieces!!!
The Screaming Sword screams, "NI!
NI!!
NI!!!
NI!!!
NI!!!"
You send a blast of sound all around you.
The monsters around you are blasted!
The shadow dragon is moderately wounded.
The ice dragon is severely wounded.
The storm dragon is severely wounded.
The bone dragon is moderately damaged.
The golden dragon is heavily wounded.
Tiamat is heavily wounded.
The shadow dragon is heavily wounded.
You kill the ice dragon!
Trog accepts your kill.
You barely miss the storm dragon.
The storm dragon is severely wounded.
The storm dragon breathes lightning at you.
The bolt of lightning hits you! You resist.
* * * LOW HITPOINT WARNING * * *
You block Tiamat's attack.
You slice the storm dragon!!
The Screaming Sword exclaims, "DECIMATE, TERMINATE, ERADICATE!"
You send a blast of sound all around you.
The monsters around you are blasted!
The shadow dragon is heavily wounded.
The ice dragon is almost dead.
You kill the storm dragon!
Trog accepts your kill.
The bone dragon is heavily damaged.
The golden dragon is heavily wounded.
Tiamat is severely wounded.
The shadow dragon is severely wounded.
Found 39 gold pieces and a box of beasts.
Tiamat hits you from afar with a +0 demon trident of electrocution!!!
You die... $$$}$$$

$ ########## $$$?:$$$$#$
##........# $$)}.[|$$$$
###......<..#
#$$}..$$$#$##...##..####
$#$$}$DD$$#$#.<.###..#
$?$$$$D$#D$##..## #..#
[|?$$$dD#$$[..## #..####
#$$$$?[@$$#### ##......
$#$$$[[$### ##.......
#$$$$$##$$# ##...#####
$$$#$ $$$(# ##...## $#?$
$[#### ##...## #$ $##
##...## #### #( #$
#...## ##... # # #..##
##.... #..# ##.....


You could see Tiamat (catching breath), a bone dragon, 2 shadow dragons, a
golden dragon and an ice dragon.

Vanquished Creatures
  2 dread liches (Vaults:5)
  An ancient lich (Vaults:5)
  2 orbs of fire
  Mara (Swamp:3)
  Mennas (Depths:4)
  A juggernaut (Depths:3)
  Sojobo (Depths:2)
  Margery (Depths:5)
  Frederick (Vaults:4)
  Saint Roka (Vaults:3)
  5 caustic shrikes (Depths:5)
  2 curse toes
  9 golden dragons
  Jory (Vaults:4)
  Nikola (Swamp:4)
  2 liches
  Jorgrun (Swamp:2)
  18 tentacled monstrosities
  Asterion (Vaults:1)
  9 titans
  4 deep elf blademasters
  The ghost of Yloucecuu the Ninja, a veteran SpEn of Dithmenos (Vaults:4)
  A deep elf master archer (Elf:3)
  2 quicksilver dragons
  8 death cobs
  An ancient champion (Vaults:3)
  9 sphinxes
  25 storm dragons
  10 tengu reavers
  Frances (D:12)
  Roxanne (Elf:2)
  11 shadow dragons
  15 nagarajas
  4 draconian monks
  A fenstrider witch (Swamp:2)
  11 fire giants
  13 frost giants
  6 draconian knights
  9 deep elf sorcerers (Elf:3)
  3 ghost moths
  Aizul (Vaults:3)
  5 iron dragons
  17 vault wardens
  A cacodemon (Depths:1)
  4 draconian scorchers
  2 spriggan defenders (Depths:5)
  13 ironbound preservers
  5 deep elf elementalists
  9 draconian shifters
  5 draconian stormcallers
  8 draconian annihilators
  A caustic shrike skeleton (D:15)
  7 green draconians
  20 very ugly things
  2 reapers
  25 stone giants
  3 war gargoyles
  7 deep elf demonologists
  5 vampire knights
  15 white draconians
  11 yellow draconians
  7 dire elephants
  10 black draconians
  9 spark wasps
  A minotaur (Gauntlet)
  13 deep elf annihilators
  A bunyip (Swamp:4)
  14 red draconians
  12 purple draconians
  2 entropy weavers
  12 ettins
  2 green deaths (Depths:1)
  9 deep elf death magi
  3 eleionomae
  2 merfolk javelineers
  10 fire dragons
  12 deep elf high priests
  A quicksilver dragon zombie (Depths:4)
  15 yaktaur captains
  A fire dragon (shapeshifter) (Depths:4)
  4 great orbs of eyes
  11 ironbound thunderhulks
  A rakshasa (Depths:2)
  A peacekeeper (Vaults:3)
  4 salamander tyrants
  18 naga warriors
  2 catoblepae
  23 hydras
  4 spriggan air magi
  6 boulder beetles
  36 vault guards
  10 ice dragons
  3 hell beasts
  A merfolk avatar (Lair:6)
  3 ogre magi
  14 centaur warriors
  18 anacondas
  16 ironbound frosthearts
  2 ghost crabs
  Erica (Orc:1)
  2 death knights
  12 deep troll shamans
  35 dancing weapons
  2 two-headed ogres (D:13)
  6 death yaks
  8 alligators
  2 spriggan berserkers
  11 deep troll earth magi
  A hell hog (Depths:5)
  8 ironbound beastmasters
  Urug (Orc:1)
  7 tengu warriors
  2 vampire magi
  15 naga sharpshooters
  4 spriggans
  A soul eater (Depths:1)
  A titan zombie (Vaults:4)
  8 shock serpents
  4 orc high priests (Orc:2)
  4 sun demons (Depths:1)
  A fire crab (Lair:6)
  The ghost of Camille the Covered, a novice MiFi of Okawaru (D:6)
  12 deep elf knights
  14 hell knights
  8 skeletal warriors
  A spriggan druid (Swamp:4)
  A titan skeleton (Vaults:4)
  5 salamander mystics
  Nergalle (Lair:3)
  45 deep trolls
  16 iron trolls
  A storm dragon skeleton (Depths:4)
  4 goliath frogs
  A golden dragon zombie (Vaults:4)
  9 swamp dragons
  2 death drakes (Depths:3)
  12 naga ritualists
  9 deep elf archers
  3 phantasmal warriors
  3 flayed ghosts
  15 wizards
  3 bog bodies
  5 glowing orange brains
  32 deep elf pyromancers
  12 lindwurms
  5 sea snakes
  A sphinx zombie (Depths:4)
  7 mana vipers
  10 necromancers
  22 deep elf zephyrmancers
  Pikel (D:5)
  12 harpies
  An iron dragon zombie (D:15)
  20 ironbound convokers
  10 orc knights
  2 wolf spiders
  A stone giant zombie (D:15)
  A will-o-the-wisp (Swamp:3)
  A faun (shapeshifter) (Vaults:5)
  5 orc sorcerers
  A wolf spider (shapeshifter) (Depths:2)
  5 cyclopes
  44 ugly things
  An elephant (shapeshifter) (Vaults:4)
  A cyclops (shapeshifter) (Depths:2)
  4 manticores
  3 draconians (Zot:4)
  19 moths of wrath
  A centaur zombie (D:11)
  19 elephants
  21 salamanders
  A rust devil (Depths:1)
  52 black mambas
  A spriggan zombie (Depths:1)
  5 guardian serpents
  18 naga magi
  4 torpor snails (Lair:6)
  13 vault sentinels
  5 gargoyles
  A cane toad (shapeshifter) (D:13)
  2 smoke demons
  3 unseen horrors
  An orange demon (Depths:1)
  16 cane toads
  45 yaktaurs
  8 rime drakes
  4 centaur skeletons (D:14)
  An efreet (D:12)
  A spark wasp simulacrum (Depths:4)
  11 komodo dragons
  4 tengu conjurers
  A yaktaur (shapeshifter) (D:14)
  4 freezing wraiths
  A tormentor (Depths:1)
  An ice devil (Depths:1)
  8 trolls
  6 tyrant leeches
  A queen bee (D:11)
  A spriggan skeleton (D:15)
  2 red devils (Depths:1)
  6 hornets
  14 slime creatures
  4 polar bears
  An ettin zombie (Depths:1)
  2 snapping turtles (Lair:6)
  20 blink frogs
  A raiju (Snake:4)
  A snapping turtle (shapeshifter) (Depths:3)
  A redback (Vaults:4)
  A fire dragon skeleton (Depths:1)
  3 air elementals (Elf:3)
  3 basilisks
  A deep troll skeleton (Depths:1)
  A tarantella (shapeshifter) (Gauntlet)
  17 water elementals
  5 wyverns
  4 shadows
  2 ynoxinuls (Depths:1)
  4 fire elementals
  2 fire bats (D:8)
  42 yaks
  6 wraiths
  A human (shapeshifter) (Vaults:5)
  2 neqoxecs (Depths:1)
  13 vampire mosquitoes
  3 steam dragons (Lair:6)
  3 chaos spawn
  An elf skeleton (Depths:4)
  6 wargs
  14 small abominations
  43 nagas
  An acid dragon (shapeshifter) (Gauntlet)
  15 swamp worms
  6 large abominations
  Duvessa (D:5)
  An acid dragon (D:12)
  17 water moccasins
  2 floating eyes (Depths:2)
  A floating eye (shapeshifter) (Vaults:5)
  44 orc warriors
  6 swamp drakes
  A black bear (Lair:4)
  A sky beast (D:6)
  9 ogres
  A tengu (shapeshifter) (Gauntlet)
  6 centaurs
  9 wolves
  A human skeleton (Vaults:4)
  8 boggarts
  4 lemures
  4 kobold brigands
  A wyvern zombie (D:6)
  An earth elemental (Elf:1)
  6 scorpions
  9 bullfrogs
  A human simulacrum (Depths:1)
  Dowan (D:5)
  2 gnoll sergeants
  A wyvern skeleton (D:7)
  2 water moccasin zombies
  34 killer bees
  13 wights
  9 electric eels
  A howler monkey (shapeshifter) (D:14)
  5 howler monkeys
  7 crimson imps (D:8)
  2 bullfrog zombies
  A hound (D:4)
  23 orc priests
  Crazy Yiuf (D:4)
  2 jellies (Lair:5)
  Ijyb (D:5)
  4 iguanas
  24 orc wizards
  5 hell rats (Lair:3)
  8 mummies (Ossuary)
  A howler monkey skeleton (D:6)
  10 gnolls
  8 adders
  A shadow imp (D:8)
  2 white imps (D:8)
  An ufetubus (D:7)
  An adder zombie (D:3)
  An adder skeleton (D:4)
  4 worms
  3 dart slugs
  85 orcs
  6 endoplasms
  6 giant cockroaches
  2 gnoll zombies (Ossuary)
  6 goblins
  8 hobgoblins
  2 jackals (D:3)
  29 kobolds
  4 quokkas
  2 training dummies (D:7)
  5 ball pythons
  25 bats
  4 frilled lizards
  2 hobgoblin zombies (Ossuary)
  3 kobold zombies (Ossuary)
  An orc zombie (Ossuary)
  16 rats
  3 briar patches (Swamp:3)
  A butterfly (Lair:3)
  A fire vortex (Depths:3)
2238 creatures vanquished.

Vanquished Creatures (collateral kills)
  A wight (D:7)
  A training dummy (D:7)
2 creatures vanquished.

Vanquished Creatures (others)
  A golden dragon (Zot:3)
  A tentacled monstrosity (Zot:4)
  A nagaraja (Snake:4)
  A draconian knight (Zot:2)
  A vault warden (Vaults:4)
  A deep elf annihilator (Elf:3)
  An eleionoma (Swamp:1)
  A shambling mangrove (Swamp:4)
  An alligator (Swamp:4)
  A deep elf knight (Elf:1)
  4 bloated husks
  A naga (Snake:1)
  2 orc wizards
  A quokka (Depths:2)
  6 foxfires (Swamp:4)
  74 fungi
  171 plants
  6 withered plants (D:15)
275 creatures vanquished.

Grand Total: 2515 creatures vanquished

Notes
Turn   | Place    | Note
-------+----------+-------------------------------------------
     0 | D:1      | Crownlay the Minotaur Berserker began the quest for the
                  | Orb.
     0 | D:1      | Reached XP level 1. HP: 19/19 MP: 0/0
   151 | D:1      | Reached XP level 2. HP: 21/27 MP: 1/1
   415 | D:1      | Reached skill level 1 in Throwing
   492 | D:1      | Reached ** piety under Trog
   608 | D:1      | Reached XP level 3. HP: 33/33 MP: 2/2
  1010 | D:2      | Reached XP level 4. HP: 17/40 MP: 3/3
  1279 | D:2      | Reached skill level 5 in Long Blades
  2448 | D:3      | Found an ornate altar of the Wu Jian Council.
  2448 | D:3      | Found a shadowy altar of Dithmenos.
  2481 | D:3      | Reached XP level 5. HP: 15/46 MP: 4/4
  3357 | D:4      | Found a sand-covered staircase.
  3389 | Ossuary  | Entered an ossuary
  3454 | Ossuary  | Reached *** piety under Trog
  3464 | Ossuary  | Reached XP level 6. HP: 28/52 MP: 5/5
  4188 | D:4      | Found Dezam's Distillery.
  4191 | D:4      | Bought a potion of curing for 42 gold pieces
  4697 | D:4      | Found a runed translucent door.
  4698 | D:4      | Noticed Crazy Yiuf
  5175 | D:4      | Found the +7 Singing Sword {vorpal, sonic wave}
  5193 | D:4      | Reached skill level 5 in Throwing
  5193 | D:4      | Reached XP level 7. HP: 58/58 MP: 6/6
  5529 | D:4      | Killed Crazy Yiuf
  5582 | D:5      | Entered Level 5 of the Dungeon
  5582 | D:5      | Noticed Pikel
  5950 | D:5      | Noticed Duvessa
  5952 | D:5      | Noticed Dowan
  5961 | D:5      | Killed Duvessa
  5964 | D:5      | Killed Dowan
  5982 | D:5      | Noticed Ijyb
  6154 | D:5      | Killed Ijyb
  6326 | D:5      | Killed Pikel
  6327 | D:5      | Reached XP level 8. HP: 66/66 MP: 7/7
  6330 | D:5      | Identified the +0 cloak "Wamic" {rElec rN+}
  6986 | D:5      | Found a staircase to the Ecumenical Temple.
  7149 | D:6      | Found a runed translucent door.
  7149 | D:6      | Noticed Camille's ghost (novice MiFi)
  7181 | D:6      | Reached skill level 4 in Fighting
  7580 | D:6      | Reached XP level 9. HP: 72/72 MP: 8/8
  7833 | D:7      | Found an ancient bone altar of Kikubaaqudgha.
  7886 | D:7      | Found Iducsi's Firing Range.
  8255 | D:7      | Reached skill level 5 in Fighting
  9117 | D:8      | Reached skill level 6 in Fighting
  9208 | D:8      | Found a runed translucent door.
  9243 | D:8      | Found a white marble altar of Elyvilon.
  9252 | D:8      | Found a hazy altar of Hepliaklqana.
  9262 | D:8      | Found a shimmering altar of Xom.
  9266 | D:8      | Found an opulent altar of Gozag.
  9285 | D:8      | Reached skill level 1 in Evocations
  9358 | D:8      | Reached skill level 7 in Fighting
  9365 | D:8      | Found a sparkling altar of Nemelex Xobeh.
  9374 | D:8      | Found a stormy altar of Qazlal.
  9422 | D:8      | Reached XP level 10. HP: 62/86 MP: 9/9
  9548 | D:8      | Reached **** piety under Trog
  9627 | D:8      | Reached skill level 8 in Fighting
  9796 | D:8      | Reached skill level 5 in Evocations
 10035 | D:8      | Noticed a flayed ghost
 10083 | D:8      | Killed a flayed ghost
 10088 | D:8      | Identified the +6 ring mail of Huroholu {rPois rC- rCorr}
 10091 | D:8      | Identified the ring of Vikhlalo {rPois rC+ rN+}
 10493 | D:6      | Killed Camille's ghost
 10494 | D:6      | Reached skill level 5 in Armour
 10558 | D:9      | Noticed a boulder beetle
 10574 | D:9      | Killed a boulder beetle
 11113 | D:9      | Found a shimmering blue altar of Sif Muna.
 11248 | D:9      | Reached XP level 11. HP: 79/91 MP: 10/10
 11464 | D:10     | Entered Level 10 of the Dungeon
 11644 | D:10     | Noticed a death yak
 11658 | D:10     | Killed a death yak
 11677 | D:10     | Paralysed by an orc for 6 turns
 11685 | D:10     | Paralysed by an orc for 5 turns
 11820 | D:10     | Noticed a death yak
 11820 | D:10     | Noticed a death yak
 11840 | D:10     | Killed a death yak
 11841 | D:10     | Reached skill level 10 in Armour
 11846 | D:10     | Killed a death yak
 12053 | D:10     | Reached ***** piety under Trog
 12184 | D:10     | Found a staircase to the Lair.
 12385 | D:11     | Reached skill level 9 in Fighting
 12420 | D:11     | Identified the +8 shortbow of Elumn {venom, rF+ rC+ Will++
                  | Dex-4}
 12444 | D:11     | Received a gift from Trog
 12502 | D:11     | Noticed a centaur warrior
 12511 | D:11     | Killed a centaur warrior
 12512 | D:11     | Reached skill level 5 in Dodging
 12801 | D:11     | Noticed a boulder beetle
 12826 | D:11     | Killed a boulder beetle
 12827 | D:11     | Reached skill level 10 in Fighting
 12998 | D:11     | Reached XP level 12. HP: 89/106 MP: 11/11
 13139 | D:11     | Found a staircase to the Orcish Mines.
 13154 | D:11     | Noticed a four-headed hydra
 13167 | D:11     | Killed a four-headed hydra
 13451 | D:11     | Found a bloodstained altar of Trog.
 13475 | D:11     | Identified the +8 long sword "Conservator" {pain, Str+2}
 13683 | D:4      | Bought a potion of flight for 42 gold pieces
 13844 | Lair:1   | Entered Level 1 of the Lair of Beasts
 14320 | Lair:1   | Received a gift from Trog
 14341 | Lair:1   | Reached skill level 15 in Long Blades
 15343 | Lair:2   | Reached skill level 11 in Fighting
 15516 | Lair:2   | Found a staircase to the Swamp.
 16099 | Lair:3   | Noticed Nergalle
 16102 | Lair:3   | Reached XP level 13. HP: 114/117 MP: 12/12
 16108 | Lair:3   | Killed Nergalle
 16137 | Lair:3   | Reached skill level 12 in Fighting
 16408 | Lair:3   | Reached skill level 1 in Shields
 16417 | Lair:3   | Found a staircase to the Snake Pit.
 16762 | Lair:3   | Found a basalt altar of Yredelemnul.
 17758 | Lair:4   | Identified the ring "Gasiad" {Ice Int+3 Stlth+}
 18370 | Lair:5   | Reached skill level 10 in Dodging
 18370 | Lair:5   | Received a gift from Trog
 18378 | Lair:5   | Reached skill level 13 in Fighting
 18385 | Lair:5   | Reached skill level 5 in Shields
 18800 | Lair:5   | Found a staircase to the Slime Pits.
 19210 | Lair:6   | Entered Level 6 of the Lair of Beasts
 19273 | Lair:6   | Reached skill level 14 in Fighting
 19293 | Lair:6   | Reached XP level 14. HP: 83/132 MP: 13/13
 19458 | Lair:6   | Reached skill level 10 in Shields
 20145 | Lair:6   | Received a gift from Trog
 20390 | Lair:6   | Found a snail-covered altar of Cheibriados.
 20869 | Orc:1    | Entered Level 1 of the Orcish Mines
 20938 | Orc:1    | Found a burning altar of Makhleb.
 20957 | Orc:1    | Noticed Urug
 20973 | Orc:1    | Killed Urug
 21273 | Orc:1    | Noticed Erica
 21286 | Orc:1    | Killed Erica
 21541 | Orc:2    | Entered Level 2 of the Orcish Mines
 22077 | Orc:2    | Found a staircase to the Elven Halls.
 22097 | Orc:2    | Identified the +1 long sword of Fatigue {vorpal, Dex+8}
                  | (Trog gifted it to you on level 2 of the Orcish Mines)
 22097 | Orc:2    | Received a gift from Trog
 22143 | Orc:2    | Reached skill level 15 in Shields
 22304 | Orc:2    | Found Nicoteb's Antique Armour Emporium.
 22304 | Orc:2    | Found Feskeziuss's Distillery.
 22309 | Orc:2    | Found Vionoabu's Distillery.
 22309 | Orc:2    | Found Lahyc's Antique Weapon Emporium.
 22315 | Orc:2    | Bought a potion of degeneration for 12 gold pieces
 22315 | Orc:2    | Bought a potion of attraction for 36 gold pieces
 22318 | Orc:2    | Bought a potion of cancellation for 128 gold pieces
 22886 | D:12     | Reached XP level 15. HP: 137/138 MP: 14/14
 22972 | D:12     | Noticed Frances
 22980 | D:12     | Killed Frances
 23609 | D:13     | Found a gate leading to a gauntlet.
 23624 | Gauntlet | Entered a Gauntlet
 23624 | Gauntlet | Found a transporter.
 23624 | Gauntlet | Found a transporter.
 23624 | Gauntlet | Found a transporter.
 23639 | Gauntlet | Found a transporter.
 23645 | Gauntlet | Found a runed translucent gate.
 23645 | Gauntlet | Found a runed translucent gate.
 23645 | Gauntlet | Found a runed translucent gate.
 23647 | Gauntlet | Found a transporter.
 23650 | Gauntlet | Found a transporter.
 23658 | Gauntlet | Found a transporter.
 23674 | Gauntlet | Found a large runed translucent door.
 23675 | Gauntlet | Found a large runed translucent door.
 23676 | Gauntlet | Found a large runed translucent door.
 23677 | Gauntlet | Found a runed translucent gate.
 23678 | Gauntlet | Found a transporter.
 23678 | Gauntlet | Found a runed translucent gate.
 23679 | Gauntlet | Found a runed translucent gate.
 23680 | Gauntlet | Found a large runed translucent door.
 23681 | Gauntlet | Found a large runed translucent door.
 23682 | Gauntlet | Found a large runed translucent door.
 23691 | Gauntlet | Found a large runed translucent door.
 23692 | Gauntlet | Found a large runed translucent door.
 23692 | Gauntlet | Found a large runed translucent door.
 23692 | Gauntlet | Found a runed translucent door.
 23693 | Gauntlet | Found a large runed translucent door.
 23694 | Gauntlet | Found a large runed translucent door.
 23696 | Gauntlet | Found a transporter.
 23700 | Gauntlet | Found a transporter.
 23710 | Gauntlet | Found a transporter.
 23748 | Gauntlet | Found a transporter.
 23762 | Gauntlet | Found a large runed translucent door.
 23763 | Gauntlet | Found a large runed translucent door.
 23764 | Gauntlet | Found a large runed translucent door.
 23764 | Gauntlet | Found a large runed translucent door.
 23764 | Gauntlet | Found a runed translucent door.
 23765 | Gauntlet | Found a large runed translucent door.
 23946 | Gauntlet | Identified the ring of Picidghe {rN+ rCorr Str-4 SInv}
 23968 | Gauntlet | Identified the ring of the Past {rN+ MP+9}
 23993 | Gauntlet | Identified the -1 pair of gloves of Ohojim {Int+6}
 24603 | D:13     | Reached skill level 15 in Fighting
 25615 | D:14     | You are sucked into a shaft and drop 1 floor!
 25615 | D:15     | Entered Level 15 of the Dungeon
 26056 | D:15     | Found Jayrchupa's CLEARANCE SALE! EVERYTHING MUST GO!.
 26082 | D:15     | Found a staircase to the Depths.
 26097 | D:15     | Reached skill level 16 in Fighting
 26835 | D:15     | Reached skill level 10 in Throwing
 27328 | D:14     | Reached XP level 16. HP: 110/151 MP: 15/15
 27754 | D:14     | Found a gate to the Vaults.
 28242 | Swamp:1  | Entered Level 1 of the Swamp
 29059 | Swamp:2  | Noticed Jorgrun
 29065 | Swamp:2  | Killed Jorgrun
 29091 | Swamp:2  | You are sucked into a shaft and drop 1 floor!
 29091 | Swamp:3  | Noticed Mara
 29101 | Swamp:3  | Noticed Crownlay's illusion
 29115 | Swamp:3  | Killed Mara
 29265 | Swamp:2  | Received a gift from Trog
 29359 | Swamp:2  | Reached skill level 10 in Evocations
 29534 | Swamp:2  | Noticed a tentacled monstrosity
 29541 | Swamp:2  | Killed a tentacled monstrosity
 29954 | Swamp:3  | Found a transporter.
 29999 | Swamp:3  | Found a transporter.
 30331 | Swamp:3  | Identified the ring "Siet" {rC+ rCorr}
 30337 | Swamp:3  | Identified the +0 pair of gloves of the Amoeba {Slay+3
                  | Stlth+}
 30504 | Swamp:4  | Entered Level 4 of the Swamp
 31508 | Swamp:4  | Reached skill level 17 in Fighting
 31508 | Swamp:4  | Reached XP level 17. HP: 103/161 MP: 16/16
 31789 | Swamp:4  | Noticed Nikola
 31905 | Swamp:4  | Killed Nikola
 32064 | Swamp:4  | Got a decaying rune of Zot
 32370 | Snake:1  | Entered Level 1 of the Snake Pit
 32375 | Snake:1  | Received a gift from Trog
 32410 | Snake:1  | Found Afizais's General Store.
 32424 | Snake:1  | Reached skill level 18 in Fighting
 32435 | Snake:1  | Bought a scroll of enchant weapon for 90 gold pieces
 32622 | Snake:1  | Found Ihuugh's Jewellery Boutique.
 32689 | Snake:1  | Found Uboklueqao's Antique Weapon Boutique.
 33861 | Snake:2  | Identified the +6 great sword of Xoerghast {vorpal, Contam
                  | Int-4 Dex+8 SInv} (Trog gifted it to you on level 2 of the
                  | Snake Pit)
 33861 | Snake:2  | Received a gift from Trog
 35282 | Snake:2  | Identified the +11 dagger "Ydec" {flame, *Rage rF++ rC+
                  | Dex+2}
 35619 | Snake:3  | Reached XP level 18. HP: 160/172 MP: 17/17
 35722 | Snake:3  | Found the +8 demon trident "Rift" {distort, reach+}
 35757 | Snake:3  | Identified the +2 long sword of Amorality {vorpal, rPois
                  | Dex+2} (Trog gifted it to you on level 3 of the Snake Pit)
 35757 | Snake:3  | Received a gift from Trog
 37040 | Snake:4  | Entered Level 4 of the Snake Pit
 37639 | Snake:4  | Reached skill level 19 in Fighting
 38107 | Snake:4  | Reached skill level 15 in Dodging
 38871 | Snake:4  | Identified a scroll of acquirement
 38956 | Snake:4  | Reached skill level 20 in Fighting
 39248 | Snake:4  | Received a gift from Trog
 39249 | Snake:4  | Reached XP level 19. HP: 159/185 MP: 18/18
 39288 | Snake:4  | Acquired a manual of Fighting
 39437 | Snake:4  | Got a serpentine rune of Zot
 39815 | Vaults:1 | Entered Level 1 of the Vaults
 40264 | Vaults:1 | Reached skill level 21 in Fighting
 40653 | Vaults:1 | Noticed Asterion
 40664 | Vaults:1 | Killed Asterion
 40973 | Vaults:1 | Reached skill level 22 in Fighting
 41258 | Vaults:1 | Found Ryoffimu's Assorted Antiques.
 41262 | Vaults:1 | Bought a pair of scorched boots for 247 gold pieces
 41262 | Vaults:1 | Identified the +2 pair of boots of Buizuno {Dex+3} (You
                  | bought it in a shop on level 1 of the Vaults)
 41809 | Vaults:2 | Reached skill level 23 in Fighting
 42052 | Vaults:2 | Received a gift from Trog
 42235 | Vaults:2 | Reached XP level 20. HP: 166/204 MP: 19/19
 42500 | Vaults:2 | Reached skill level 24 in Fighting
 43762 | Vaults:3 | Found a radiant altar of Vehumet.
 43774 | Vaults:3 | Identified the +1 robe "Fiuduur" {rF++ SInv}
 43778 | Vaults:3 | Identified the +1 hat "Kojagos" {rCorr Str-2 Int+2 Dex+4}
 43780 | Vaults:3 | Identified the +2 hat of Shadows and Fog {Str+3}
 44113 | Vaults:3 | Found a staircase to the Crypt.
 44223 | Vaults:3 | Noticed Aizul
 44237 | Vaults:3 | Killed Aizul
 44727 | Vaults:3 | Acquired a manual of Shields
 44731 | Vaults:3 | Acquired a +0 tower shield of reflection
 44737 | Vaults:3 | Acquired 950 gold pieces
 44908 | Vaults:3 | Noticed Saint Roka
 44931 | Vaults:3 | Killed Saint Roka
 45278 | Vaults:3 | Reached skill level 25 in Fighting
 45528 | Vaults:4 | Reached ****** piety under Trog
 45538 | Vaults:4 | Reached XP level 21. HP: 206/217 MP: 20/20
 45538 | Vaults:4 | Received a gift from Trog
 45893 | Vaults:4 | Found a runed translucent door.
 45893 | Vaults:4 | Found a shimmering altar of Xom.
 45893 | Vaults:4 | Identified the +2 dire flail of Lapsufee {chaos, rElec}
 45893 | Vaults:4 | Noticed Yloucecuu's ghost (veteran SpEn)
 46105 | Vaults:4 | Noticed Frederick
 46116 | Vaults:4 | Killed Frederick
 46768 | Vaults:4 | Noticed Jory
 46783 | Vaults:4 | Killed Jory
 47151 | Vaults:5 | Entered Level 5 of the Vaults
 47396 | Vaults:4 | Killed Yloucecuu's ghost
 47959 | Vaults:5 | Received a gift from Trog
 47976 | Vaults:5 | Noticed a golden dragon
 48047 | Vaults:5 | Killed a golden dragon
 48147 | Vaults:5 | Reached XP level 22. HP: 132/226 MP: 21/21
 48417 | Vaults:5 | Noticed an ancient lich
 48430 | Vaults:5 | Reached skill level 15 in Armour
 48434 | Vaults:5 | Killed an ancient lich
 48800 | Vaults:5 | Received a gift from Trog
 49314 | Vaults:5 | Noticed a dread lich
 49353 | Vaults:5 | Killed a dread lich
 49636 | Vaults:5 | Found Ineel's Magic Scroll Shoppe.
 49649 | Vaults:5 | Found Ucedenil's Jewellery Shop.
 49744 | Vaults:5 | Noticed a dread lich
 49754 | Vaults:5 | Killed a dread lich
 49773 | Vaults:5 | Found Featsua's Distillery.
 49789 | Vaults:5 | Found Cunuda's Magic Scroll Shoppe.
 49793 | Vaults:5 | Bought a scroll of enchant armour for 165 gold pieces
 49793 | Vaults:5 | Bought a scroll of blinking for 165 gold pieces
 50088 | Vaults:5 | Noticed a golden dragon
 50097 | Vaults:5 | Killed a golden dragon
 50118 | Vaults:5 | Got a silver rune of Zot
 50271 | Vaults:5 | Identified the +2 robe "Asythe" {Int+4 Dex+8 SInv}
 50706 | Depths:1 | Entered Level 1 of the Depths
 51197 | Depths:1 | Reached XP level 23. HP: 234/234 MP: 22/22
 51321 | Depths:1 | Found a corrupted altar of Lugonu.
 51321 | Depths:1 | Found a one-way gate to the infinite horrors of the Abyss.
 51714 | Depths:1 | Received a gift from Trog
 51862 | Depths:1 | Found a gateway to Hell.
 52076 | Depths:1 | Found a sacrificial altar of Ru.
 52461 | Depths:2 | Paralysed by a floating eye for 4 turns
 52527 | Depths:2 | Identified the +6 halberd of Action {speed, Fly Int+6}
 52707 | Depths:2 | Identified the +14 chain mail "Imuoleg" {rN+ Str+2}
 52783 | Depths:2 | Received a gift from Trog
 52865 | Depths:2 | Noticed Sojobo
 52866 | Depths:2 | Found a white marble altar of Elyvilon.
 52893 | Depths:2 | Paralysed by an air elemental for 1 turns
 52899 | Depths:2 | Killed Sojobo
 53270 | Depths:2 | Found a gateway to a ziggurat.
 54634 | Depths:3 | Noticed a juggernaut
 54645 | Depths:3 | Received a gift from Trog
 54652 | Depths:3 | Killed a juggernaut
 54653 | Depths:3 | Reached XP level 24. HP: 185/242 MP: 22/22
 54711 | Depths:3 | Identified the +1 plate armour of Death's Door {+Inv rCorr
                  | Str-2 SInv}
 55164 | Depths:3 | Found a one-way gate leading to the halls of Pandemonium.
 55962 | Depths:4 | Noticed Mennas
 55992 | Depths:4 | Killed Mennas
 56349 | Depths:4 | Identified the +10 quarterstaff "Harghak" {flame, Dex+4}
                  | (Trog gifted it to you on level 4 of the Depths)
 56349 | Depths:4 | Received a gift from Trog
 56686 | Depths:4 | Paralysed by a vampire knight for 6 turns
 57377 | Depths:5 | Entered Level 5 of the Depths
 57421 | Depths:5 | Noticed Margery
 57433 | Depths:5 | Killed Margery
 57961 | Depths:5 | Reached XP level 25. HP: 220/253 MP: 22/22
 57961 | Depths:5 | Received a gift from Trog
 58101 | Depths:5 | Identified the +9 demon whip "Neib" {pain, rF+ Int+2 SInv}
 58186 | Depths:5 | Found Zun Yhul's Book Emporium.
 58187 | Depths:5 | Found Ysaithrie's Jewellery Shop.
 58188 | Depths:5 | Found Myicrat's Book Emporium.
 58279 | Depths:5 | Reached skill level 26 in Fighting
 58750 | Depths:5 | Found a gate to the Realm of Zot.
 59535 | Elf:1    | Entered Level 1 of the Elven Halls
 59690 | Elf:1    | Found Gaelakky's Magic Scroll Shop.
 59697 | Elf:1    | Bought a scroll of blinking for 120 gold pieces
 59697 | Elf:1    | Bought a scroll of fear for 56 gold pieces
 59697 | Elf:1    | Bought a scroll of fear for 56 gold pieces
 59697 | Elf:1    | Bought a scroll of enchant armour for 120 gold pieces
 59697 | Elf:1    | Bought a scroll of fog for 32 gold pieces
 59802 | Elf:1    | Found Vassuots's General Store.
 60211 | Elf:1    | Received a gift from Trog
 60212 | Elf:1    | Found Wuoweodo's Weapon Boutique.
 60335 | Elf:1    | Found Fusil's Assorted Antiques.
 60342 | Elf:1    | Bought a scroll of holy word for 187 gold pieces
 60342 | Elf:1    | Bought a potion of mutation for 200 gold pieces
 60683 | Elf:2    | Identified Roxanne's Disquisition on Clay
 60683 | Elf:2    | Noticed Roxanne
 60697 | Elf:2    | Killed Roxanne
 60735 | Elf:2    | Found Zaduty's Magic Scroll Emporium.
 60743 | Elf:2    | Bought a scroll of summoning for 171 gold pieces
 60845 | Elf:2    | Found a runed translucent gate.
 60851 | Elf:2    | Found a runed translucent gate.
 60851 | Elf:2    | Found a runed translucent gate.
 61274 | Elf:2    | Received a gift from Trog
 61478 | Elf:3    | Entered Level 3 of the Elven Halls
 61531 | Elf:3    | Reached skill level 27 in Fighting
 61553 | Elf:3    | Found Vafaqino's Book Shop.
 61555 | Elf:3    | Found Kahaorez's Distillery.
 61555 | Elf:3    | Found Imadeff's General Store.
 61560 | Elf:3    | Found Ceocyecu's Distillery.
 61813 | Elf:3    | Paralysed by an air elemental for 1 turns
 61975 | Elf:3    | Found Sousoum's Superlative Supplies.
 62052 | Elf:3    | Reached skill level 15 in Throwing
 62069 | Elf:3    | Received a gift from Trog
 62094 | Elf:3    | Reached skill level 15 in Evocations
 62114 | Elf:3    | Reached XP level 26. HP: 91/266 MP: 22/22
 62422 | Elf:3    | Received a gift from Trog
 62461 | Elf:3    | Identified the ring of Xom's Ringing Laughter {Fire MP+9}
 62722 | Elf:3    | Identified the +6 trident of Righteous Fury {elec, +Blink
                  | rElec rPois Will+}
 63434 | Zot:1    | Entered Level 1 of the Realm of Zot
 64007 | Zot:1    | Noticed an orb of fire
 64022 | Zot:1    | Gained mutation: You are frail. (-10% HP) [an orb of fire]
 64435 | Zot:1    | Gained mutation: You are clumsy. (Dex -2) [an orb of fire]
 64592 | Zot:1    | Gained mutation: You sometimes lose the ability to read
                  | scrolls when taking damage. [an orb of fire]
 64598 | Depths:5 | Gained mutation: You are very clumsy. (Dex -4) [an orb of
                  | fire]
 64605 | Depths:5 | Killed an orb of fire
 65904 | Zot:2    | Received a gift from Trog
 66992 | Zot:3    | Reached XP level 27. HP: 236/245 MP: 22/22
 66994 | Zot:3    | Noticed an orb of fire
 67010 | Zot:3    | Gained mutation: You are occasionally teleported next to
                  | monsters. [an orb of fire]
 67017 | Zot:3    | Killed an orb of fire
 67138 | Zot:3    | You are sucked into a shaft and drop 1 floor!
 68629 | Zot:3    | Found the +4 dragonskin cloak
 68629 | Zot:3    | Noticed Tiamat
 68667 | Zot:3    | Slain by Tiamat

Illustrated notes

Levels and vault maps discovered:
D:1:      dpeg_arrival_ratfight, layout_loops_ring, corexii_corridor_pit,
          minmay_hexomino_f4
D:2:      layout_loops_ring
D:3:      layout_loops_cross, jmf_multi_god_temple, grunt_ministairs_14,
          solitary_fountain, chequers_mini_garden,
          minmay_fractal_squares_diagonal_5
D:4:      old_forge, layout_basic, serial_shops, kennysheep_mini,
          enter_ossuary_1, uniq_crazy_yiuf_cottage
D:5:      layout_rooms, minmay_temple_entry_metal_lava, eino_tiny_chamber,
          due_unseen_surprise, uniq_ijyb, uniq_pikel, uniq_duvessa
D:6:      layout_basic, hellmonk_ghost_happy_afterlife, minmay_strange_pillars,
          hangedman_decor_push, minmay_misc_feat_plants,
          minmay_misc_feat_secret_circle
D:7:      layout_loops_corners, mainiacjoe_overflow_tiny_flanked,
          nicolae_shop_firing_range
D:8:      due_megacathedral, layout_rooms, minmay_nine_imps
D:9:      layout_roguey, kennysheep_mini_moat
D:10:     layout_loops_ring, dpeg_lair_monsters
D:11:     layout_roguey [special_room_bee], hiddenorc1_lemuel, tgw_trog
D:12:     hangedman_cross_stitches, layout_basic, uniq_frances
D:13:     minmay_evil_eye, layout_basic, gauntlet_entry_generic
D:14:     layout_grid_maze, hangedman_vaults_entry_quadrant_bands,
          grunt_decor_resistance, minmay_misc_feat_tiny
D:15:     gammafunk_depths_entry_grave, layout_stronghold, columned_hall_lemuel,
          nicolae_shop_clearance
Lair:1:   layout_concentric_octagons
Lair:2:   layout_hall_layers, skrybe_swamp_entry_bodies
Lair:3:   layout_chaotic_city, guppyfry_snake_entry_island, basic_altar,
          fungi_pond_lemuel, grunt_megastairs_3, infiniplex_staircase_pool,
          lemuel_fruit_fields, uniq_nergalle
Lair:4:   cheibrodos_lair_river_kwai, layout_small_grid, serial_bayou,
          serial_bayou_pond_b, serial_bayou_lake_a, serial_bayou_pond_b,
          serial_bayou_ford_a, serial_bayou_shore_b
Lair:5:   layout_regular_city, minmay_slime_entry_pillars, lemuel_fruit_tree
Lair:6:   gammafunk_lair_ancient_temple, layout_cave_pods,
          grunt_forest_stairs_basic, kennysheep_snail_temple
Swamp:1:  layout_basic_swamp, evilmike_swamp_ruin_wall, swamp_pool1
Swamp:2:  layout_basic_swamp, nicolae_swamp_dense_foliage,
          infiniplex_staircase_pool_2, uniq_jorgrun
Swamp:3:  gammafunk_worm_tunnel, layout_falls_marsh,
          evilmike_swamp_ruin_rubble_1, uniq_mara
Swamp:4:  swamp_alternative, layout_basic_swamp, swamp_pool1, uniq_nikola
Snake:1:  layout_basic, serial_shops, nicolae_shop_crystal, minmay_shop_star
Snake:2:  minmay_snake_river, layout_grid_maze, nicolae_snake_omega,
          grunt_megastairs_5
Snake:3:  layout_layer_cave
Snake:4:  grunt_snake_rune_spirals, layout_onion_interference,
          beargit_elvish_explorers
Orc:1:    layout_caves, basic_altar, mines2_david, uniq_erica, uniq_urug
Orc:2:    grunt_orc_tribal_feast, layout_caves, kennysheep_orc_chapel
Elf:1:    layout_geoelf_octagon, serial_sigils, serial_sigils_hangedman_carve,
          serial_sigils_hangedman_quiver, serial_sigils_hangedman_leer,
          serial_sigils_hangedman_quiver, serial_sigils_hangedman_snap,
          serial_sigils_hangedman_confine, serial_shops,
          nicolae_shop_waterfront, nicolae_shop_trees, shop_fountains, shop
Elf:2:    nicolae_elf_blades_crystal_corner, layout_loops_ring, serial_shops,
          shop_fountains, uniq_roxanne
Elf:3:    nooodl_elf_gasket, layout_geoelf_diagonals, minivault_4,
          nicolae_alphabet_shops, eino_tiny_chamber, minmay_shoptagon
Vaults:1: v_pattern_5, grunt_vaults_funnel, hangedman_vaults_locks,
          vaults_room_boxed, v_alt_pattern_3, ontoclasm_vaults_ligature,
          dpeg_vaults_monster_row, hangedman_vaults_stream,
          nicolae_vaults_quartermaster, v_misc_17, grunt_vaults_diagonal,
          layout_vaults_big_cross, serial_shops, shop, uniq_asterion
Vaults:2: nicolae_vaults_specimen_jars, v_alt_pattern_6, special_room_vaults
          [special_room_orc], nicolae_vaults_network_star, v_misc_24,
          nicolae_vaults_network_periphery, v_misc_14, hangedman_vaults_snaps,
          ontoclasm_vaults_gateway, nicolae_vaults_alarming, vaults_dpeg_ring,
          vaults_room_pools, layout_vaults_chaotic_city
Vaults:3: vaults_room_fancy_cross, vaults_room_grunt_arrival_checkpoint,
          hangedman_vaults_nails, vaults_standard_mumra_x, grunt_tower_of_power,
          minmay_crypt_entry_simple_walls, hangedman_vaults_pinch,
          nicolae_vaults_what_the_h, hangedman_vaults_unwind, v_misc_22,
          ontoclasm_vaults_shuriken, layout_vaults_ring, uniq_aizul,
          uniq_saint_roka
Vaults:4: ebering_vaults_ghost_xom, nicolae_vaults_disjoint_gnomons, v_misc_33,
          grunt_vaults_hallway_long, nicolae_vaults_little_squares_3,
          ontoclasm_vaults_pinch, vaults_dpeg_encased_lava, v_alt_pattern_3,
          hangedman_vaults_nodes, ontoclasm_vaults_chip,
          nicolae_vaults_murderbox, vaults_room_grid, vaults_dpeg_cross,
          v_pattern_3, grunt_vaults_hallway_long, nicolae_vaults_three_branches,
          ontoclasm_vaults_twist, v_misc_17, layout_vaults_maze, uniq_jory,
          uniq_frederick
Vaults:5: serial_shops
Depths:1: layout_roguey, hangedman_ru_absence, abyss_entry_flame_altar,
          grunt_hell_entry_demonic_statue, kennysheep_flooded_box,
          grunt_ministairs_6, nrook_campfire
Depths:2: minmay_tile_spiral, layout_cave_pools, enter_ziggurat_c,
          eino_curves_02, hell_entry, elyvilon_altar_4,
          infiniplex_staircase_river, serial_bayou_shore_b,
          serial_bayou_shore_b, uniq_sojobo
Depths:3: lemuel_castle_with_subvaults [lemuel_castle_interior_original],
          layout_gridlike, pan_entry, pf_vacation_house_of_asmodeus,
          chequers_big_river, item_on_display_a, infiniplex_staircase_spiral
Depths:4: minmay_diamond_stairs, layout_gridlike, hell_entry,
          minmay_room_of_horrors, chequers_serial_rivers_room_b,
          rand_demon_pan_entry_8, uniq_mennas
Depths:5: evilmike_zot_entry_hall, layout_gridville, kennysheep_pointless_box,
          hellmouth_1, dk_noncrumbling_4, minmay_shop_grove, uniq_margery
Zot:1:    nicolae_moth_party, layout_misc_corridors
Zot:2:    layout_gridville, grunt_ministairs_1
Zot:3:    layout_concentric_octagons, st_stairs_8, hangedman_zot_wheel_spokes,
          st_grand_hoard_of_tiamat
Zot:4:    ebering_greatest_show_in_zot, layout_basic, grunt_ministairs_5,
          nrook_zot_tub

Skill      XL: |  1  2  3  4  5  6  7  8  9 10 11 12 13 14 15 16 17 18 19 20 21 22 23 24 25 26 27 |
---------------+----------------------------------------------------------------------------------+-----
Long Blades    | 4 5 6 7 11 12 14 16 20 | 20.0
Throwing       | 1 2 3 5 6 8 10 13 15 | 15.0
Fighting       | 4 7 8 10 11 14 16 17 18 20 23 25 27 | 27.0
Evocations     | 2 5 8 10 13 15 16 | 16.6
Armour         | 7 10 14 17 20 | 20.0
Dodging        | 6 8 10 14 15 16 18 20 25 | 25.0
Shields        | 8 15 16 18 21 25 | 25.0

Action                   |  1- 3 |  4- 6 |  7- 9 | 10-12 | 13-15 | 16-18 | 19-21 | 22-24 | 25-27 || total
-------------------------+-------+-------+-------+-------+-------+-------+-------+-------+-------++-------
Melee: Falchion          |    66 |   195 |   151 |       |       |       |       |       |       ||   412
       Headbutt          |    10 |    44 |    58 |    89 |   193 |   193 |   258 |   312 |   323 ||  1480
       Scimitar          |       |       |    88 |   326 |       |       |       |       |       ||   414
       Double sword      |       |       |       |    77 |   657 |   841 |   933 |  1036 |  1102 ||  4646
       Short sword       |       |       |       |     3 |       |       |       |       |       ||     3
Throw: Dart              |       |       |       |    17 |       |       |       |       |       ||    17
       Throwing net      |       |       |       |     1 |       |       |       |       |       ||     1
Invok: Berserk           |     1 |     5 |    12 |     9 |     6 |     9 |    19 |    10 |     7 ||    78
       Trog's Hand       |     1 |     4 |     8 |     9 |    24 |    33 |    43 |    28 |    51 ||   201
       Brothers in Arms  |       |       |       |       |       |     1 |     1 |     1 |     1 ||     4
Evoke: Wand              |       |       |       |       |       |     8 |       |       |    14 ||    22
       Phial of floods   |       |       |       |       |       |     1 |       |       |       ||     1
  Use: Scroll            |       |     3 |     9 |     8 |    10 |     4 |     5 |     5 |     5 ||    49
       Potion            |       |       |     1 |     1 |       |     1 |       |       |    11 ||    14
 Stab: Sleeping          |     1 |     1 |       |       |       |     1 |       |       |       ||     3
       Invisible         |       |       |       |     1 |       |       |       |       |       ||     1
       Petrified         |       |       |       |       |     2 |       |       |       |       ||     2
       Distracted        |       |       |       |       |       |     1 |       |       |       ||     1
Armor: Animal skin       |     8 |    36 |    10 |       |       |       |       |       |       ||    54
       Chain mail        |       |       |    46 |     4 |       |       |       |   149 |   220 ||   419
       Ring mail         |       |       |       |   141 |   181 |   203 |   155 |       |       ||   680
       Scale mail        |       |       |       |    10 |       |       |       |       |       ||    10
       Plate armour      |       |       |       |       |       |       |    13 |    56 |       ||    69
Dodge: Dodged            |    33 |    90 |    82 |   185 |   291 |   286 |   268 |   275 |   327 ||  1837
Block: Other             |       |    27 |    39 |    77 |    89 |       |       |       |       ||   232
       Reflection        |       |       |       |     3 |    11 |    99 |    90 |    35 |    55 ||   293
       Kite shield       |       |       |       |       |   104 |   717 |   744 |       |       ||  1565
       Tower shield      |       |       |       |       |       |       |   132 |  1076 |  1245 ||  2453
       Rpst.: Falchion   |    11 |    30 |    16 |       |       |       |       |       |       ||    57
       Scimitar          |       |       |     8 |    40 |       |       |       |       |       ||    48
       Double sword      |       |       |       |     4 |    62 |    56 |    54 |    38 |    30 ||   244
